 Dungeon Crawl Stone Soup version 0.20-a0 (webtiles) character file.

100 poirepourri the Sneak (level 4, 0/21 HPs)
             Began as a Spriggan Enchanter on Oct 27, 2016.
             Succumbed to an adder's poison
             ... on level 3 of the Dungeon.
             The game lasted 00:02:46 (2739 turns).

poirepourri the Sneak (Spriggan Enchanter)          Turns: 2739, Time: 00:02:47

Health: 0/21       AC:  4    Str:  4    XL:     4   Next: 46%
Magic:  2/10       EV: 18    Int: 16    God:
Gold:   44         SH:  0    Dex: 17    Spells: 4 memorised, 1 level left

rFire  . . .     SeeInvis +     a - +1 dagger
rCold  . . .     Gourm    .     b - +2 robe
rNeg   . . .     Faith    .     (shield restricted)
rPois  .         Spirit   .     (helmet restricted)
rElec  .         Reflect  .     (no cloak)
rCorr  .         Harm     .     (gloves unavailable)
MR     .....                    (boots unavailable)
Stlth  +++.......               (no amulet)
                                (no ring)
                                (no ring)

@: lethally poisoned (0 -> -10), very quick
A: unfitting armour, see invisible, herbivore 3, speed 3, slow metabolism 2
a: no special abilities


You were on level 3 of the Dungeon.
You were full.

You visited 1 branch of the dungeon, and saw 3 of its levels.

You collected 44 gold pieces.

Inventory:

Hand Weapons
 a - a +1 dagger (weapon)
Armour
 b - a +2 robe (worn)
Jewellery
 e - an uncursed ring of wizardry {unknown}
Wands
 k - a wand of disintegration (11/24)
Scrolls
 j - a scroll of noise {unknown}
 m - a scroll of recharging {unknown}
Potions
 f - a potion of agility
 g - 2 potions of haste {unknown}
 h - a potion of brilliance {unknown}
 i - 2 potions of resistance {unknown}
 l - a potion of curing {unknown}
 n - 2 potions of invisibility {unknown}
Books
 c - a book of Maledictions

   Spells                             Type                      Level
   a - Corona                         Hexes                        1
   b - Ensorcelled Hibernation        Hexes/Ice                    2
   c - Confuse                        Hexes                        3
   d - Tukima's Dance                 Hexes                        3
   e - Dazzling Spray                 Conjuration/Hexes            3
Comestibles
 d - a bread ration


   Skills:
 + Level 0.2 Fighting
 + Level 2.1 Short Blades
 + Level 3.0 Dodging
 + Level 5.6 Stealth
 + Level 3.7 Spellcasting
 + Level 4.3 Hexes
 + Level 0.5 Ice Magic


You had one spell level left.
You knew the following spells:

 Your Spells              Type           Power        Failure   Level  Hunger
a - Corona                Hex            ###....      3%          1    None
b - Ensorcelled Hibernat  Hex/Ice        ##....       12%         2    ##.....
c - Confuse               Hex            ###.....     12%         3    ###....
d - Tukima's Dance        Hex            ###.....     12%         3    ###....


Dungeon Overview and Level Annotations

Branches:
Dungeon (3/15)

Altars:


Innate Abilities, Weirdness & Mutations

You are very small and have problems with some larger weapons.
You are too small for most types of armour.
You have supernaturally acute eyesight. (SInv)
You are a herbivore.
You cover ground extremely quickly.
You need consume almost no food.


Message History

You hit Jessica but do no damage.
Jessica is severely wounded.
You feel sick. The adder bites you. Jessica gestures at you while chanting.
Pain shoots through your body!
* * * LOW HITPOINT WARNING * * *
Casting: Ensorcelled Hibernation
Confirm with . or Enter, or press ? or * to list all spells.
Aiming: Ensorcelled Hibernation
Press: ? - help, Shift-Dir - straight line, f/p - Jessica
Aim: Jessica, wielding a club and wearing a robe (severely wounded, chance to defeat MR: 50%) Jessica looks drowsy...
The adder closely misses you. The adder bites you.
* * * LOW HITPOINT WARNING * * *
You are more poisoned.
The adder poisons you!
The helpless Jessica fails to defend herself.
You impale Jessica!!
You kill Jessica!
Your Short Blades skill increases to level 2!
You die...

###### #.#.## #.
.%...#### #.##.# #.#
.........###.##.. #.#
####.........##.# #.. .#
... ......##.##.# .# ..#
#...##.#..#####
####.#####..............
.......#........@).#
.....#####.######S.#
#....#####.### ..#
#...........(# ....
#.##.........# ..###
#.######...### ..# #.#
#...# ... ..# #......
... ### #.#......


You could see an adder.

Vanquished Creatures
  Jessica (D:3)
  2 adders
  2 worms
  A dart slug (D:2)
  2 leopard geckos (D:1)
  A ball python (D:2)
  5 giant cockroaches
  8 hobgoblins
  6 jackals (D:1)
  A quokka (D:3)
  5 bats
  3 frilled lizards
  5 kobolds (D:1)
  2 rats
44 creatures vanquished.

Notes
Turn   | Place    | Note
-------+----------+-------------------------------------------
     0 | D:1      | poirepourri the Spriggan Enchanter began the quest for the Orb.
     0 | D:1      | Reached XP level 1. HP: 9/9 MP: 5/5
   170 | D:1      | Reached XP level 2. HP: 5/13 MP: 6/6
   960 | D:1      | Learned a level 2 spell: Ensorcelled Hibernation
  1538 | D:1      | Reached XP level 3. HP: 15/16 MP: 5/8
  1900 | D:1      | Reached skill level 5 in Stealth
  1978 | D:1      | Learned a level 3 spell: Confuse
  2435 | D:3      | Reached XP level 4. HP: 21/21 MP: 8/10
  2592 | D:3      | Learned a level 3 spell: Tukima's Dance
  2723 | D:3      | Noticed Jessica
  2738 | D:3      | HP: 1/21 [adder (1)]
  2739 | D:3      | Killed Jessica
  2739 | D:3      | Succumbed to an adder's poison

Vault maps used:
D:1:      dpeg_arrival_rooms_b, serial_forest, infiniplex_forest_straight_1,
          infiniplex_forest_zigzag_1, infiniplex_forest_corner_1,
          infiniplex_forest_clump_tiny, infiniplex_forest_lined_3,
          infiniplex_forest_fountain, infiniplex_forest_lined_corner,
          infiniplex_forest_lined_3_way, infiniplex_forest_corner_1,
          infiniplex_forest_clump_double
D:2:      kennysheep_big_flooded_room, tgw_xom
D:3:      grunt_ministairs_10, hangedman_decor_growths, uniq_jessica

Skill      XL: |  1  2  3  4 |
---------------+-------------+-----
Hexes          | 4 |  4.3
Spellcasting   | 3 |  3.7
Stealth        | 5 |  5.6
Short Blades   | 2 |  2.1
Fighting       | |  0.2
Dodging        | |  3.0
Ice Magic      | |  0.5

Action                   |  1- 3 |  4- 6 || total
-------------------------+-------+-------++-------
Melee: Dagger            |   137 |    15 ||   152
 Cast: Ensorcelled Hiber |    20 |    10 ||    30
  Use: Potion            |     1 |       ||     1
       Scroll            |     3 |       ||     3
 Stab: Sleeping          |    23 |     4 ||    27
  Eat: Bread ration      |     1 |       ||     1
Armor: Robe              |    17 |     1 ||    18
Dodge: Dodged            |   111 |    17 ||   128
